 Dungeon Crawl Stone Soup version 0.18-a0-1805-g8ab820f (webtiles) character file.

37 graki42 the Firebug (level 3, 16/19 HPs)
             Began as a Deep Elf Fire Elementalist on Apr 27, 2016.
             Quit the game on level 2 of the Dungeon.
             The game lasted 00:03:36 (711 turns).

graki42 the Firebug (Deep Elf Fire Elementalist)     Turns: 711, Time: 00:03:37

Health: 16/19      AC:  2    Str:  6    XL:     3   Next: 21%
Magic:  7/10       EV: 13    Int: 19    God:
Gold:   38         SH:  0    Dex: 15    Spells: 2 memorised, 5 levels left

rFire  . . .     SeeInvis .     (no weapon)
rCold  . . .     Gourm    .     a - +0 robe
rNeg   . . .     Faith    .     (no shield)
rPois  .         Spirit   .     (no helmet)
rElec  .         Dismiss  .     (no cloak)
rCorr  .         Reflect  .     (no gloves)
SustAt .         Harm     .     (no boots)
MR     .....                    (no amulet)
Stlth  ++........               (no ring)
                                g - ring of wizardry

@: very slightly contaminated, not resistant to hostile enchantments, unstealthy
A: no striking features
a: no special abilities


You were on level 2 of the Dungeon.
You were not hungry.

You visited 1 branch of the dungeon, and saw 2 of its levels.

You collected 38 gold pieces.

Inventory:

Hand Weapons
 m - a +1 vampiric dagger
Missiles
 i - 6 needles of paralysis
Armour
 a - a +0 robe (worn)
Jewellery
 g - a ring of wizardry (left hand)
Scrolls
 e - a scroll of noise {unknown}
 f - a scroll of recharging {unknown}
 h - a scroll of teleportation {unknown}
 j - a scroll of fog {unknown}
 k - a scroll of identify {unknown}
 n - a scroll of blinking {unknown}
 o - a scroll of magic mapping {unknown}
Potions
 l - a potion of degeneration {unknown}
Books
 b - a book of Flames

   Spells                             Type                      Level
   a - Flame Tongue                   Conjuration/Fire             1
   b - Throw Flame                    Conjuration/Fire             2
   c - Conjure Flame                  Conjuration/Fire             3
   d - Inner Flame                    Hexes/Fire                   3
   e - Sticky Flame                   Conjuration/Fire             4
   f - Fireball                       Conjuration/Fire             5
Comestibles
 c - 2 bread rations
 d - a meat ration


   Skills:
 + Level 2.6 Dodging
 - Level 2.4 Stealth
 + Level 3.5 Spellcasting
 + Level 1.5 Conjurations
 + Level 4.2 Fire Magic


You had 5 spell levels left.
You knew the following spells:

 Your Spells              Type           Power        Failure   Level  Hunger
a - Flame Tongue          Conj/Fire      ##...        2%          1    None
b - Inner Flame           Hex/Fire       ##......     9%          3    ###....


Dungeon Overview and Level Annotations

Branches:
Dungeon (2/15)

Altars:


Message History

Casting: Flame Tongue
Confirm with . or Enter, or press ? or * to list all spells.
Aiming: Flame Tongue
Press: ? - help, Shift-Dir - straight line, f/p - giant gecko
Aim: a giant gecko (heavily wounded)
You miscast Flame Tongue.
You are very lightly contaminated with residual magic.
Nothing appears to happen.
The giant gecko closely misses you.
Casting: Flame Tongue
Confirm with . or Enter, or press ? or * to list all spells.
Aiming: Flame Tongue
Press: ? - help, Shift-Dir - straight line, f/p - giant gecko
Aim: a giant gecko (heavily wounded)
The flame tongue hits the giant gecko.
You kill the giant gecko!
Memorise Inner Flame, consuming 3 spell levels and leaving 5?
You start memorising the spell.
You continue memorising. x3
You finish memorising.
Spell assigned to 'b'.
Okay, then.
Are you sure you want to abandon this character and quit the game? (Confirm with "yes".)

#......# #......#
###.#### ######.
#.# ....... #.#
....... #.# .......
#.# .......
#.##########.......
#..........@.......
############.......
....... .......
....... .......
#######


There were no monsters in sight!

Vanquished Creatures
  An ooze (D:1)
  2 dart slugs (D:1)
  3 giant geckos
  3 giant cockroaches (D:1)
  2 goblins (D:1)
  4 hobgoblins (D:1)
  A ball python (D:1)
  2 bats (D:1)
  4 kobolds
  2 rats (D:1)
24 creatures vanquished.

Notes
Turn   | Place    | Note
--------------------------------------------------------------
     0 | D:1      | graki42 the Deep Elf Fire Elementalist began the quest for the Orb.
     0 | D:1      | Reached XP level 1. HP: 10/10 MP: 6/6
   211 | D:1      | Reached XP level 2. HP: 15/15 MP: 4/8
   287 | D:1      | Reached skill level 4 in Fire Magic
   481 | D:1      | Reached XP level 3. HP: 17/19 MP: 4/9
   711 | D:2      | Learned a level 3 spell: Inner Flame
   711 | D:2      | Quit the game

Vault maps used:
D:1:      minmay_arrival_split_and_join
D:2:      grunt_dithmenos_smoke, ecumenical_altar_1

Skill      XL: |  1  2 |
---------------+-------+-----
Fire Magic     | 4 |  4.2
Dodging        | |  2.6
Stealth        | |  2.4
Spellcasting   | |  3.5
Conjurations   | |  1.5

Action                   || total
-------------------------++-------
 Cast: Flame Tongue      ||    42
Armor: Robe              ||     1
Dodge: Dodged            ||     4
